 Dungeon Crawl Stone Soup version 0.30-a0-567-gf7fd966b4a (webtiles) character file.

Game seed: 258538631532824704

65 tilp the Covered (level 4, -2/39 HPs)
             Began as a Meteoran Fighter on Dec 28, 2022.
             Killed from afar by Pikel (12 damage)
             ... with a puff of flame
             ... on level 3 of the Dungeon.
             The game lasted 00:03:21 (510 turns).

tilp the Covered (Meteoran Fighter)                  Turns: 510, Time: 00:03:21

Health: -2/39      AC:  8    Str: 18    XL:     4   Next: 62%
Magic:  5/5        EV:  8    Int:  9    God:
Gold:   82         SH:  9    Dex: 15    Spells: 3/3 levels left

rFire   . . .      SeeInvis .    a - +1 long sword (holy)
rCold   . . .      Faith    .    h - +0 kite shield
rNeg    . . .      Spirit   .    r - +0 scale mail
rPois   .          Reflect  .    (no helmet)
rElec   .          Harm     .    o - +0 cloak
rCorr   .          Rampage  .    (no gloves)
Will    .....                    (no boots) Stlth
                                 (no amulet)
HPRegen 0.26/turn                (no ring)
MPRegen 0.09/turn                (no ring)

@: mighty, glowing
A: sense surroundings 1, otherworldly, glowing, explore regen
a: no special abilities


You were on level 3 of the Dungeon.
You visited 1 branch of the dungeon, and saw 4 of its levels.

You collected 140 gold pieces.
You spent 58 gold pieces at shops.

Inventory:

Hand Weapons
 a - a +1 long sword of holy wrath (weapon)
 b - a +0 long sword
Missiles
 e - 12 stones (quivered)
Armour
 c - a +0 buckler
 g - a +0 tower shield
 h - a +0 kite shield (worn)
 o - a +0 cloak (worn)
 r - a +0 scale mail (worn)
Scrolls
 f - 6 scrolls of identify {unknown}
 j - a scroll of amnesia {unknown}
 k - 2 scrolls of fog {unknown}
 p - a scroll of teleportation {unknown}
 q - a scroll of fear {unknown}
 s - a scroll of silence {unknown}
Potions
 d - a potion of might
 i - a potion of heal wounds {unknown}
 l - a potion of flight {unknown}
 m - a potion of haste {unknown}
 n - a potion of lignification {unknown}


   Skills:
 + Level 3.6 Fighting
 + Level 2.9 Long Blades
 - Level 4.0 Armour
 * Level 2.2 Dodging
 + Level 1.0 Stealth
 - Level 4.0 Shields


You had 3 spell levels left.
You didn't know any spells.
Your spell library was empty.

Dungeon Overview and Level Annotations

Branches:
Dungeon (4/15) Zot: 1847
 Temple: D:4-7

Altars:
Yredelemnul

Shops:
D:3 [

Annotations:
D:3 Pikel


Innate Abilities, Weirdness & Mutations

You passively map a small area around you.
You are easily found by Zot.
You glow in the dark.
You regain HP and MP as you explore.


Message History

There is a stone staircase leading down here.
Unknown command.
You barely miss Pikel. You block Pikel's attack. You block the kobold's attack.
You slash Pikel!
Pikel is moderately wounded.
Pikel hits you with a +1 whip of freezing.
Pikel freezes you. The kobold closely misses you.
Pikel hits you with a +1 whip of freezing.
Pikel freezes you. The kobold barely misses you.
You slash Pikel!
Pikel is severely wounded.
You block the kobold's attack. Pikel hits you but does no damage.
You closely miss Pikel.
Pikel is severely wounded.
Pikel hits you with a +1 whip of freezing.
* * * LOW HITPOINT WARNING * * *
Pikel freezes you.
* * * LOW HITPOINT WARNING * * *
The kobold hits you but does no damage. The kobold hits you with a +0 dagger.
* * * LOW HITPOINT WARNING * * *
You block Pikel's attack.
You closely miss Pikel.
Pikel is severely wounded.
You block the kobold's attack.
Pikel zaps a wand.
The puff of flame hits you but does no damage.
You closely miss Pikel.
Pikel is severely wounded.
Pikel zaps a wand.
The puff of flame hits you.
* * * LOW HITPOINT WARNING * * *
The kobold hits you but does no damage. You block Pikel's attack.
The kobold hits you but does no damage.
You barely miss Pikel.
Pikel is severely wounded.
The kobold barely misses you.
Pikel says, "You'll feel the lick of my whip!"
You block Pikel's attack.
You barely miss Pikel.
Pikel is severely wounded.
Pikel zaps a wand.
The puff of flame hits you!
You die...

..#.......#.......#
.#####.....
####.....#........#
#.. #.....
..........#########..*
#..... , ##...#..##
#... ....... #.....##
###...* .......
*##...#.#######....
.#.....
.................# *
....
.##...#.......K..# ,*
, ..
#............@.###+#*
, ##
####........K....'_+
#...........#####*
##......>...# * # ,
##...#.....# * *
########.... #.....
#######


You could see Pikel and a kobold.

Vanquished Creatures
  A hound (D:3)
  An adder (D:2)
  A dart slug (D:1)
  An orc (D:3)
  2 ball pythons
  2 endoplasms
  4 goblins
  3 hobgoblins
  2 kobolds
  A quokka (D:2)
  4 frilled lizards
  2 rats (D:3)
24 creatures vanquished.

Notes
Turn   | Place    | Note
-------+----------+-------------------------------------------
     0 | D:1      | tilp the Meteoran Fighter began the quest for the Orb.
     0 | D:1      | Reached XP level 1. HP: 19/19 MP: 2/2
    36 | D:1      | Reached XP level 2. HP: 24/26 MP: 3/3
   120 | D:2      | Reached skill level 1 in Dodging
   280 | D:2      | Reached XP level 3. HP: 10/31 MP: 4/4
   312 | D:3      | Found Xoty's Armour Emporium.
   327 | D:3      | Bought a +0 cloak for 58 gold pieces
   393 | D:3      | You fall into a shaft and drop 1 floor!
   431 | D:4      | Noticed a lemure
   448 | D:3      | Reached skill level 1 in Stealth
   448 | D:3      | Reached XP level 4. HP: 28/39 MP: 5/5
   481 | D:3      | Found a basalt altar of Yredelemnul.
   488 | D:4      | Noticed Pikel
   498 | D:4      | Noticed a lemure
   498 | D:4      | Noticed a lemure
   498 | D:4      | Noticed a lemure
   510 | D:3      | Killed from afar by Pikel

Illustrated notes

Levels and vault maps discovered:
D:1:      dpeg_arrival_tiny_f, layout_basic, hellmonk_ecumenical_altar_zigzags
D:2:      layout_rooms, solitary_fountain, minmay_close_crescents
D:3:      layout_rooms, lemuel_doored_altar, serial_shops, shop, uniq_ijyb,
          uniq_natasha
D:4:      layout_cave_pools, nicolae_ru_path_of_blood, uniq_pikel

Skill      XL: |  1  2  3 |
---------------+----------+-----
Dodging        | 1 2 |  2.2
Armour         | 4 |  4.0
Stealth        | 1 |  1.0
Shields        | 4 |  4.0
Fighting       | |  3.6
Long Blades    | |  2.9

Action                   |  1- 3 |  4- 6 || total
-------------------------+-------+-------++-------
Melee: Long sword        |    80 |    10 ||    90
Throw: Stone             |       |     2 ||     2
  Use: Potion            |       |     1 ||     1
Armor: Scale mail        |    47 |     7 ||    54
Dodge: Dodged            |    41 |     6 ||    47
Block: Buckler           |     1 |       ||     1
       Kite shield       |    44 |    11 ||    55

Table legend: (Time is in decaauts)
 A = Elapsed time spent in this place.
 B = Non-inter-level travel time spent in this place.
 C = Inter-level travel time spent in this place.
 D = Time resting spent in this place.
 E = Time spent auto-exploring this place.
 F = Levels seen in this place.
 G = Mean time per level.
                   A        B        C        D        E       F      G
               +--------+--------+--------+--------+--------+-----+--------+
         Total |    550 |    550 |      0 |      0 |      0 |   4 |  137.5 |
       Dungeon |    550 |    550 |      0 |      0 |      0 |   4 |  137.5 |
               +--------+--------+--------+--------+--------+-----+--------+

Top non-repeatable levels by time:
     D:3: 205 daAuts
     D:2: 197 daAuts
     D:1: 112 daAuts
     D:4: 36 daAuts
